 Dungeon Crawl Stone Soup version 0.29.1-2-gbd0b4ee654 (webtiles) character file.

Game seed: 1096292490052585440

29008 fleeber the Fighter (level 13, 117/117 HPs)
             Began as a Minotaur Berserker on Nov 10, 2022.
             Was an Elder of Trog.
             Quit the game on level 3 of the Lair of Beasts on Nov 11, 2022.
             The game lasted 01:14:15 (20461 turns).

fleeber the Fighter (Minotaur Berserker)           Turns: 20461, Time: 01:14:16

Health: 117/117    AC: 22    Str: 25    XL:     13   Next: 12%
Magic:  12/12      EV: 10    Int:  4    God:    Trog [****..]
Gold:   959        SH: 11    Dex: 12    Spells: 12/12 levels left

rFire   . . .      SeeInvis +   w - +0 war axe
rCold   . . .      Faith    .   x - +0 kite shield
rNeg    + . .      Spirit   .   p - +7 plate armour "Roorakk" {+Inv rElec rN+}
rPois   +          Reflect  .   (helmet restricted)
rElec   +          Harm     .   a - scarf {repulsion}
rCorr   .          Rampage  .   (no gloves)
Will    .....      Rnd*Tele +   (no boots)
Stlth   ..........              (no amulet)
HPRegen 0.29/turn               m - ring of see invisible
MPRegen 0.13/turn               l - ring of poison resistance

@: repel missiles
A: horns 2, retaliatory headbutt, teleportitis 1, subdued magic 1, inability to
read after injury 1, noise suppression
a: Renounce Religion, Evoke Invisibility, Berserk, Trog's Hand, Brothers in Arms


You were on level 3 of the Lair of Beasts.
You worshipped Trog.
Trog was greatly pleased with you.
You visited 2 branches of the dungeon, and saw 15 of its levels.

You collected 1115 gold pieces.
You spent 156 gold pieces at shops.

Inventory:

Hand Weapons
 i - a +0 hand axe of electrocution
 w - a +0 war axe (weapon)
 I - the +8 glaive of the Crafting Gods {spect, rElec Int+3}
   (You found it on level 9 of the Dungeon)

   When its wielder attacks, the weapon's spirit leaps out and strikes again.
   The spirit shares a part of any damage it takes with its wielder.
   Int:       It affects your intelligence (+3).
   rElec:     It insulates you from electricity.
Missiles
 G - 74 stones (quivered)
Armour
 a - a scarf of repulsion (worn)
 p - the +7 plate armour "Roorakk" (worn) {+Inv rElec rN+}
   (You found it on level 2 of the Dungeon)

   rElec:     It insulates you from electricity.
   rN:        It protects you from negative energy.
   +Inv:      It lets you turn invisible.
 x - a +0 kite shield (worn)
Jewellery
 l - a ring of poison resistance (right hand)
 m - a ring of see invisible (left hand)
Wands
 B - a wand of roots (9)
 D - a wand of mindburst (21)
 H - a wand of light (9)
Scrolls
 c - 7 scrolls of vulnerability
 e - 6 scrolls of fear
 f - 7 scrolls of blinking
 g - a scroll of enchant armour
 k - a scroll of immolation {unknown}
 o - 3 scrolls of noise
 t - 3 scrolls of teleportation
 y - 2 scrolls of summoning {unknown}
 A - 3 scrolls of butterflies
 J - a scroll of enchant weapon {unknown}
 K - 3 scrolls of magic mapping
 L - 2 scrolls of poison {unknown}
 M - a scroll of silence {unknown}
 O - 4 scrolls of identify
 P - a scroll of acquirement {unknown}
Potions
 b - 3 potions of might
 j - a potion of ambrosia {unknown}
 n - 2 potions of degeneration {unknown}
 q - 2 potions of lignification {unknown}
 r - a potion of resistance {unknown}
 s - 2 potions of invisibility
 u - 4 potions of heal wounds {unknown}
 v - a potion of brilliance {unknown}
 z - 3 potions of attraction {unknown}
 C - 2 potions of berserk rage {unknown}
 E - a potion of haste
 F - 2 potions of cancellation {unknown}
 N - 7 potions of curing
 Q - a potion of flight {unknown}


   Skills:
 + Level 11.9 Fighting
 + Level 11.8 Axes
 + Level 11.4 Armour
 + Level 10.6 Dodging
 + Level 10.4 Shields
 + Level 8.4 Evocations


You had 12 spell levels left.
You didn't know any spells.
Your spell library was empty.

Dungeon Overview and Level Annotations

Branches:
Dungeon (12/15)            Temple (0/1) D:5            Lair (3/5) D:10
 Shoals (0/4) Lair:2       Spider (0/4) Lair:3          Orc (0/2) D:9

Altars:
Ashenzari
Cheibriados
Fedhas
Gozag
Kikubaaqudgha
Makhleb
Trog
Uskayaw
Vehumet
Yredelemnul
Zin

Shops:
D:3 [   D:4 (*

Annotations:
D:3 2 transporters, SBALLER's ghost, amateur FoFi
D:7 3 runed translucent doors, Mitcholas's ghost, novice DjCj; qeuew's ghost, novice VSFi
D:10 exclusion: downstairs
D:11 2 runed translucent doors, exclusion: upstairs
Lair:1 exclusion: oklob plant
Lair:3 Prince Ribbit


Innate Abilities, Weirdness & Mutations

You have a pair of horns on your head.
You reflexively headbutt those who attack you in melee.
You are occasionally teleported next to monsters.
Your spells are a little easier to cast, but a little less powerful.
You occasionally lose the ability to read scrolls when taking damage.
You passively dampen the noise of your surroundings.


Message History

The basilisk bites you but does no damage.
You block the komodo dragon's attack.
You slash the komodo dragon!
The komodo dragon is severely wounded.
You hit the basilisk. The basilisk barely misses you.
The komodo dragon barely misses you.
You slash the komodo dragon!
You kill the komodo dragon!
Trog accepts your kill.
You barely miss the basilisk. The basilisk gazes at you.
You easily resist.
You hit the basilisk.
The basilisk is moderately wounded.
The basilisk gazes at you.
You easily resist.
You slice the basilisk!!
The basilisk is severely wounded.
You block the basilisk's attack.
You hit the basilisk but do no damage. Your headbutt misses the basilisk.
The basilisk is severely wounded.
You block the basilisk's attack.
You closely miss the basilisk. You headbutt the basilisk.
The basilisk is severely wounded.
The basilisk gazes at you.
You easily resist.
You closely miss the basilisk. Your headbutt misses the basilisk.
The basilisk is severely wounded.
The basilisk bites you!
You slash the basilisk!
You kill the basilisk!
Trog accepts your kill.
No target in view!
You start resting.
HP restored.
A blink frog comes into view.
The blink frog gives a loud, deep croak!
Prince Ribbit comes into view.
Okay, then.
Are you sure you want to abandon this character and quit the game? (Confirm with "yes".)

##........
#..#.##.# #.#### #
##..# #..## #...#
##.### ##
#...####.##.#..
#......@.[.....
#...............
#..............F.
#.................
......#.#.#####.##F
.....####### ##
..... ...


You could see Prince Ribbit (wandering) and a blink frog.

Vanquished Creatures
  Gastronok (D:8)
  A centaur warrior (D:9)
  A two-headed ogre (D:11)
  Erica (D:9)
  7 death yaks
  An ugly thing (D:11)
  A cyclops (D:11)
  Maurice (D:11)
  Joseph (D:9)
  A black mamba (Lair:3)
  3 elephants (Lair:3)
  A torpor snail (Lair:2)
  A gargoyle (D:10)
  7 cane toads
  Maggie (D:7)
  Psyche (D:10)
  A kobold demonologist (D:11)
  3 komodo dragons
  2 rime drakes
  2 merfolk (Lair:2)
  Grinder (D:3)
  7 dream sheep (Lair:2)
  A shadow (D:11)
  2 basilisks
  A wraith (D:9)
  28 yaks
  2 steam dragons (D:8)
  A redback (Lair:3)
  2 vampire mosquitoes (D:10)
  2 acid dragons
  5 water moccasins
  3 orc warriors
  An ice beast (D:7)
  2 sky beasts (D:7)
  2 hornet zombies (D:8)
  A black bear (D:5)
  6 ogres
  4 centaurs
  A phantom (D:6)
  8 bullfrogs
  A kobold brigand (D:11)
  3 scorpions
  6 necrophages
  3 killer bees (D:9)
  3 howler monkeys (D:10)
  3 hounds
  A human zombie (D:8)
  8 orc priests
  A gnoll bouda (D:8)
  3 iguanas
  11 orc wizards
  A hell rat (D:10)
  A killer bee zombie (D:8)
  4 mummies (D:8)
  2 howler monkey zombies (D:8)
  7 gnolls
  9 adders
  A shadow imp (D:6)
  2 white imps (D:5)
  5 dart slugs
  60 orcs
  6 ball pythons
  4 bats
  9 endoplasms
  3 giant cockroaches
  13 goblins
  2 hobgoblins (D:1)
  9 jackals
  9 kobolds
  4 quokkas
  3 frilled lizards
  11 rats
326 creatures vanquished.

Vanquished Creatures (collateral kills)
  A two-headed ogre (D:9)
  2 death yaks (D:10)
  Lodul (D:10)
  A yak (D:8)
  4 ogres (D:10)
9 creatures vanquished.

Vanquished Creatures (others)
  An orc (D:8)
  8 fungi
  6 plants
  16 toadstools (Lair:1)
31 creatures vanquished.

Grand Total: 366 creatures vanquished

Notes
Turn   | Place    | Note
-------+----------+-------------------------------------------
     0 | D:1      | fleeber the Minotaur Berserker began the quest for the Orb.
     0 | D:1      | Reached XP level 1. HP: 19/19 MP: 0/0
   230 | D:1      | Reached XP level 2. HP: 25/27 MP: 1/1
   754 | D:1      | Reached XP level 3. HP: 33/33 MP: 2/2
   914 | D:1      | Reached ** piety under Trog
  1833 | D:2      | You fall into a shaft and drop 1 floor!
  2008 | D:2      | Identified the +7 plate armour "Roorakk" {+Inv rElec rN+}
  2687 | D:3      | Found a transporter.
  2689 | D:3      | Noticed SBALLER's ghost (amateur FoFi)
  2722 | D:3      | Found a transporter.
  2735 | D:3      | Found Neseekk's Armour Boutique.
  3022 | D:3      | Noticed Grinder
  3042 | D:3      | Paralysed by Grinder for 5 turns
  3056 | D:3      | Killed Grinder
  3057 | D:3      | Reached skill level 1 in Evocations
  3057 | D:3      | Reached XP level 4. HP: 37/41 MP: 3/3
  3057 | D:3      | Reached XP level 5. HP: 43/47 MP: 4/4
  3057 | D:3      | Reached XP level 6. HP: 50/55 MP: 5/5
  3121 | D:3      | Found a faded altar of an unknown god.
  3367 | D:4      | Found Cypsest's Antique Weapon Emporium.
  3440 | D:4      | Reached skill level 5 in Fighting
  3440 | D:4      | Reached skill level 5 in Axes
  3455 | D:4      | Found a glowing silver altar of Zin.
  3740 | D:4      | Found a broken altar of Ashenzari.
  3787 | D:4      | Reached *** piety under Trog
  3900 | D:4      | Found an opulent altar of Gozag.
  3905 | D:4      | Found Gozag's Platinum Reserve.
  4176 | D:4      | Reached XP level 7. HP: 42/61 MP: 6/6
  4543 | D:5      | Entered Level 5 of the Dungeon
  4710 | D:5      | Found a staircase to the Ecumenical Temple.
  4743 | D:5      | Noticed a +0 short sword
  4743 | D:5      | Noticed a +0 falchion
  4744 | D:5      | Noticed a +0 short sword
  4746 | D:5      | Noticed a +0 spear
  4746 | D:5      | Noticed a +0 dagger
  4746 | D:5      | Noticed a +0 spear
  4747 | D:5      | Noticed a +0 dagger
  4755 | D:5      | Noticed a +0 falchion
  4796 | D:5      | Reached skill level 5 in Armour
  4796 | D:5      | Reached skill level 1 in Shields
  5152 | D:5      | Found a hide-covered altar of Uskayaw.
  5628 | D:5      | Reached skill level 5 in Dodging
  5628 | D:5      | Reached XP level 8. HP: 46/70 MP: 7/7
  5858 | D:6      | Found a snail-covered altar of Cheibriados.
  6292 | D:6      | Found a blossoming altar of Fedhas.
  6292 | D:6      | Found a burning altar of Makhleb.
  6414 | D:7      | Noticed Maggie
  6770 | D:7      | Killed Maggie
  6995 | D:7      | Reached XP level 9. HP: 57/79 MP: 8/8
  7762 | D:7      | Found a runed translucent gate.
  7762 | D:7      | Found a runed translucent gate.
  7762 | D:7      | Found a runed translucent gate.
  7762 | D:7      | Noticed Mitcholas's ghost (novice DjCj)
  7763 | D:7      | Noticed qeuew's ghost (novice VSFi)
  8204 | D:8      | Noticed Gastronok
  8484 | D:8      | Reached **** piety under Trog
  8487 | D:8      | Reached skill level 5 in Shields
  8905 | D:8      | Found a radiant altar of Vehumet.
  9056 | D:8      | Reached skill level 5 in Evocations
  9062 | D:8      | Reached XP level 10. HP: 34/88 MP: 9/9
  9499 | D:8      | Found an ancient bone altar of Kikubaaqudgha.
  9632 | D:8      | Killed Gastronok
  9799 | D:9      | Identified the +8 glaive of the Crafting Gods {spect, rElec
                  | Int+3}
  9810 | D:9      | Noticed a centaur warrior
  9833 | D:9      | Killed a centaur warrior
  9967 | D:9      | Found a staircase to the Orcish Mines.
 10326 | D:9      | Found a basalt altar of Yredelemnul.
 10373 | D:9      | Noticed Joseph
 10390 | D:9      | Killed Joseph
 10767 | D:9      | Noticed a two-headed ogre
 10773 | D:9      | Killed a two-headed ogre
 11062 | D:9      | Noticed Erica
 11077 | D:9      | Killed Erica
 11078 | D:9      | Reached XP level 11. HP: 87/97 MP: 10/10
 11259 | D:10     | Entered Level 10 of the Dungeon
 11505 | D:10     | Noticed Lodul
 11530 | D:10     | Killed Lodul
 11880 | D:10     | Found a bloodstained altar of Trog.
 11955 | D:10     | Noticed Psyche
 11982 | D:10     | Killed Psyche
 12015 | D:10     | Noticed a death yak
 12021 | D:10     | Noticed a death yak
 12040 | D:9      | Killed a death yak
 12099 | D:10     | Noticed a death yak
 12554 | D:9      | Killed a death yak
 12555 | D:9      | Reached skill level 10 in Fighting
 12555 | D:9      | Reached skill level 10 in Axes
 12730 | D:10     | Found a staircase to the Lair.
 13320 | D:10     | Killed a death yak
 13459 | D:11     | Noticed a five-headed hydra
 13813 | D:11     | Found a runed translucent door.
 13841 | D:11     | Noticed a purple ugly thing
 13864 | D:11     | Killed a purple ugly thing
 14130 | D:11     | Reached skill level 10 in Armour
 14481 | D:11     | Noticed Maurice
 14503 | D:11     | Killed Maurice
 14671 | D:11     | Noticed a two-headed ogre
 14691 | D:11     | Killed a two-headed ogre
 14692 | D:11     | Reached XP level 12. HP: 76/107 MP: 11/11
 14978 | D:11     | Found a runed translucent door.
 15026 | D:11     | Noticed a boulder beetle
 15303 | D:4      | Bought a glowing hand axe for 156 gold pieces
 15506 | Lair:1   | Entered Level 1 of the Lair of Beasts
 16342 | Lair:1   | Found a blossoming altar of Fedhas.
 16501 | Lair:1   | Noticed a death yak
 16504 | Lair:1   | Noticed a death yak
 16505 | Lair:1   | Noticed a death yak
 16506 | Lair:1   | Noticed a death yak
 16539 | D:10     | Killed a death yak
 16709 | Lair:1   | Noticed a death yak
 16717 | D:10     | Killed a death yak
 16792 | D:10     | Killed a death yak
 16795 | D:10     | Killed a death yak
 17257 | Lair:1   | Killed a death yak
 17630 | Lair:1   | Reached skill level 10 in Dodging
 17982 | Lair:2   | Noticed a death yak
 17997 | Lair:1   | Killed a death yak
 18918 | Lair:2   | Reached skill level 10 in Shields
 19328 | Lair:2   | Found a staircase to the Shoals.
 20136 | Lair:3   | Gained mutation: Your body sometimes deteriorates upon
                  | taking damage. [potion of mutation]
 20139 | Lair:2   | Lost mutation: Your body sometimes deteriorates upon taking
                  | damage. [potion of mutation]
 20139 | Lair:2   | Gained mutation: Your body sometimes deteriorates upon
                  | taking damage. [potion of mutation]
 20139 | Lair:2   | Gained mutation: You occasionally lose the ability to read
                  | scrolls when taking damage. [potion of mutation]
 20139 | Lair:2   | Gained mutation: You are partially covered in iridescent
                  | scales. (AC +2) [potion of mutation]
 20140 | Lair:2   | Lost mutation: Your body sometimes deteriorates upon taking
                  | damage. [potion of mutation]
 20140 | Lair:2   | Lost mutation: You are partially covered in iridescent
                  | scales. (AC +2) [potion of mutation]
 20140 | Lair:2   | Gained mutation: You are occasionally teleported next to
                  | monsters. [potion of mutation]
 20140 | Lair:2   | Gained mutation: Your spells are a little easier to cast,
                  | but a little less powerful. [potion of mutation]
 20140 | Lair:2   | Gained mutation: You passively dampen the noise of your
                  | surroundings. [potion of mutation]
 20168 | Lair:3   | Reached XP level 13. HP: 75/117 MP: 12/12
 20356 | Lair:3   | Found a hole to the Spider Nest.
 20460 | Lair:3   | Noticed Prince Ribbit
 20461 | Lair:3   | Quit the game

Illustrated notes

Levels and vault maps discovered:
D:1:      tarquinn_simple_flora_water_c, layout_basic, minmay_tetromino_s4
D:2:      layout_loops_ring
D:3:      layout_basic, gammafunk_ghost_stat_death, serial_shops, shop,
          dreamdust_ecumenical_altar_angels_and_demons, uniq_grinder
D:4:      layout_gridville, zin_treasury, nicolae_gozag_zags_fifth_avenue,
          mainiacjoe_overflow_concentric_impassable, serial_shops,
          nicolae_stop_n_shop_2, due_unseen_surprise
D:5:      black_bear_nest_1, layout_basic, nicolae_uskayaw_en_pointe,
          minmay_temple_entry_junction
D:6:      layout_rooms, mainiacjoe_overflow_paths,
          gammafunk_temple_overflow_elements
D:7:      layout_gridville, gammafunk_ghost_cemetery, uniq_maggie
D:8:      layout_rooms, mainiacjoe_overflow_alcove_1,
          lemuel_mausoleum_altar_kikubaaqudgha, special_room [special_room_orc],
          uniq_gastronok
D:9:      layout_gridville, lemuel_round_altar, orc_0_dummy, uniq_joseph,
          uniq_erica
D:10:     layout_basic, mainiacjoe_overflow_catwalk, dpeg_lair_monsters,
          uniq_psyche, uniq_lodul
D:11:     cheibrodos_histonic, layout_loops_ring, uniq_maurice
D:12:     layout_basic, gammafunk_ghost_ooze, kennysheep_boxes
Lair:1:   layout_regular_city, tgw_fedhas, lemuel_fruit_tree
Lair:2:   layout_big_grid, elwin_shoals_entry_rooms, roderic_carrion_pond,
          grunt_megastairs_5
Lair:3:   layout_hall_layers, spider_nest_entry_webs, uniq_prince_ribbit2

Skill      XL: |  1  2  3  4  5  6  7  8  9 10 11 12 |
---------------+-------------------------------------+-----
Axes           | 4 5 6 7 8 9 10 11 | 11.8
Fighting       | 4 5 6 7 8 9 10 11 | 11.9
Armour         | 3 4 5 6 7 8 10 11 | 11.4
Dodging        | 3 4 5 6 7 8 9 10 | 10.6
Evocations     | 1 2 3 4 5 6 7 8 |  8.4
Shields        | 2 4 5 7 8 10 | 10.4

Action                   |  1- 3 |  4- 6 |  7- 9 | 10-12 | 13-15 || total
-------------------------+-------+-------+-------+-------+-------++-------
Melee: Hand axe          |   110 |    48 |       |       |       ||   158
       Headbutt          |    13 |    13 |    60 |   153 |     7 ||   246
       War axe           |       |    33 |   316 |   633 |    31 ||  1013
       Punch             |       |     2 |       |       |       ||     2
Throw: Stone             |       |       |     1 |     1 |       ||     2
Invok: Trog's Hand       |     1 |       |     3 |     6 |       ||    10
       Berserk           |     1 |       |     1 |     8 |     1 ||    11
       Brothers in Arms  |       |       |     1 |     5 |       ||     6
Evoke: Wand              |       |       |     1 |     6 |       ||     7
  Use: Scroll            |       |       |       |    11 |       ||    11
       Potion            |       |       |       |     5 |       ||     5
 Stab: Sleeping          |     1 |       |       |       |       ||     1
       Invisible         |       |       |       |     3 |       ||     3
       Paralysed         |       |       |       |     1 |       ||     1
Armor: Animal skin       |     6 |       |       |       |       ||     6
       Scale mail        |    24 |       |       |       |       ||    24
       Plate armour      |    18 |    67 |   239 |   247 |    21 ||   592
Dodge: Dodged            |    55 |    28 |   132 |   168 |    13 ||   396
       Repelled          |       |       |       |     2 |       ||     2
Block: Kite shield       |       |       |   123 |   267 |    24 ||   414
